 Dungeon Crawl Stone Soup version 0.23.1 (webtiles) character file.

Game seed: 8773588236925733674

165 Kairos the Sneak (level 5, 0/37 HPs)
             Began as a Vine Stalker Enchanter on Mar 17, 2019.
             Was a Follower of Uskayaw.
             Slain by an orc warrior
             ... wielding a +0 scimitar
              (4 damage)
             ... on level 3 of the Dungeon.
             The game lasted 00:04:17 (2936 turns).

Kairos the Sneak (Vine Stalker Enchanter)           Turns: 2936, Time: 00:04:18

Health: 0/37       AC:  4    Str: 16    XL:     5   Next: 46%
Magic:  0/9        EV: 12    Int: 15    God:    Uskayaw [*.....]
Gold:   270        SH:  0    Dex: 15    Spells: 7/8 levels left

rFire    . . .     SeeInvis .   p - +2 short sword (flame)
rCold    . . .     Gourm    .   (no shield)
rNeg     . . .     Faith    .   i - +0 leather armour
rPois    .         Spirit   +   (no helmet)
rElec    .         Reflect  .   f - +0 cloak
rCorr    .         Harm     .   (no gloves)
MR       .....                  (no boots)
Stlth    ..........             b - amulet of rage
HPRegen  0.52/turn              e - ring of stealth
MPRegen  0.11/turn              (no ring)

@: berserking, very quick
A: fangs 2, regeneration 1, magic shield, antimagic bite, no potion heal 3, rot
immunity
a: Stomp, Renounce Religion, Evoke Berserk Rage


You were on level 3 of the Dungeon.
You worshipped Uskayaw.
Uskayaw was noncommittal.
You were near starving.

You visited 2 branches of the dungeon, and saw 5 of its levels.

You collected 270 gold pieces.

Inventory:

Hand Weapons
 a - a +1 dagger
 n - a +2 hunting sling of flaming
 p - a +2 short sword of flaming (weapon)
Missiles
 s - 2 silver tomahawks (quivered)
Armour
 f - a +0 cloak (worn)
 i - a +0 leather armour (worn)
Jewellery
 b - an amulet of rage (around neck)
 e - a ring of stealth (left hand)
 v - an uncursed ring of stealth
Wands
 r - a wand of flame (33)
Scrolls
 c - a scroll of enchant weapon {unknown}
 j - a scroll of identify {unknown}
 l - a scroll of teleportation
 o - a scroll of enchant armour {unknown}
 t - a scroll of amnesia {unknown}
 w - a scroll of remove curse
Potions
 g - 2 potions of might {unknown}
 h - 2 potions of lignification {unknown}
 k - 2 potions of brilliance {unknown}
 m - a potion of ambrosia {unknown}
 q - 2 potions of curing {unknown}
 u - 2 potions of degeneration {unknown}
Comestibles
 d - 6 rations


   Skills:
 + Level 0.8 Fighting
 + Level 2.2 Short Blades
 + Level 1.0 Armour
 + Level 2.0 Dodging
 + Level 5.6 Stealth
 + Level 2.2 Spellcasting
 + Level 3.2 Hexes
 + Level 0.3 Evocations


You had 7 spell levels left.
You knew the following spells:

 Your Spells              Type           Power        Failure   Level  Hunger
a - Corona                Hex            ##.....      7%          1    #......

Your spell library contained the following spells:

 Spells                   Type           Power        Failure   Level  Hunger
 Ensorcelled Hibernation  Hex/Ice        #.....       21%         2    ###....
 Confuse                  Hex            ##......     22%         3    ###....
 Tukima's Dance           Hex            ##......     22%         3    ###....
 Dazzling Spray           Conj/Hex       #.....       38%         3    ###....


Dungeon Overview and Level Annotations

Branches:
Dungeon (4/15)             Temple (1/1) D:4

Altars:
Ashenzari
Gozag
Nemelex Xobeh
Ru
Trog
Uskayaw
Vehumet
Yredelemnul
Zin


Innate Abilities, Weirdness & Mutations

You have extremely sharp teeth.
Your natural rate of healing is unusually fast.
When hurt, damage is shared between your health and your magic reserves.
Your bite disrupts and absorbs the magic of your enemies.
Potions cannot restore your health.
You are immune to rotting.


Message History

The orc warrior hits you with a +0 scimitar.
The orc hits you.
You hit the orc warrior but do no damage.
You bite the orc warrior, but do no damage.
The orc warrior is lightly wounded.
The orc warrior hits you with a +0 scimitar.
* * * LOW HITPOINT WARNING * * *
The orc hits you but does no damage.
You fail to use your ability.
The orc hits you.
* * * LOW HITPOINT WARNING * * *
A red film seems to cover your vision as you go berserk!
You feel yourself moving faster!
You feel mighty!
You are near starving!
The orc warrior hits you with a +0 scimitar.
* * * LOW HITPOINT WARNING * * *
The orc barely misses you.
You hit the orc warrior. You burn the orc warrior.
The orc warrior is lightly wounded.
The orc warrior hits you with a +0 scimitar.
You die...

# # #########
#.......#
##########.......#
#@oo.....'.......+
#o########......†#
#.# #.......#
#.########.......#
#........'........
#.########........
#########.#
######...
#.........# #...
##.################
#...


You could see an orc warrior and 2 orcs.

Vanquished Creatures
  Jessica (D:3)
  6 gnolls
  An ooze (D:3)
  3 worms
  A dart slug (D:1)
  4 leopard geckos
  5 orcs (D:3)
  A ball python (D:3)
  4 bats
  7 giant cockroaches
  5 goblins
  9 hobgoblins
  A quokka (D:2)
  2 frilled lizards
  5 kobolds (D:2)
  7 rats
62 creatures vanquished.

Notes
Turn   | Place    | Note
-------+----------+-------------------------------------------
     0 | D:1      | Kairos the Vine Stalker Enchanter began the quest for the
                  | Orb.
     0 | D:1      | Reached XP level 1. HP: 9/9 MP: 4/4
   132 | D:1      | Reached skill level 4 in Stealth
   433 | D:1      | Reached XP level 2. HP: 13/13 MP: 6/6
   522 | D:1      | Reached skill level 1 in Short Blades
   903 | D:2      | Reached XP level 3. HP: 12/16 MP: 5/7
  1544 | D:2      | Reached skill level 5 in Stealth
  1547 | D:2      | Gained mutation: Your natural rate of healing is unusually
                  | fast. [Vine Stalker growth]
  1547 | D:2      | Reached XP level 4. HP: 21/21 MP: 6/8
  1886 | D:3      | Noticed Jessica
  1907 | D:3      | Killed Jessica
  1985 | D:3      | Reached XP level 5. HP: 20/25 MP: 9/9
  2134 | D:3      | Found a glowing silver altar of Zin.
  2680 | D:4      | Found a staircase to the Ecumenical Temple.
  2690 | Temple   | Entered the Ecumenical Temple
  2728 | Temple   | Became a worshipper of Uskayaw the Reveler
  2807 | D:4      | Reached skill level 1 in Armour
  2825 | D:4      | Noticed an orc warrior
  2828 | D:4      | Reached * piety under Uskayaw
  2936 | D:3      | Slain by an orc warrior

Skill      XL: |  1  2  3  4  5 |
---------------+----------------+-----
Stealth        | 4 5 |  5.6
Short Blades   | 1 2 |  2.2
Dodging        | 2 |  2.0
Armour         | 1 |  1.0
Fighting       | |  0.8
Spellcasting   | |  2.2
Hexes          | |  3.2
Evocations     | |  0.3

Action                   |  1- 3 |  4- 6 || total
-------------------------+-------+-------++-------
Melee: Dagger            |    92 |     4 ||    96
       Bite              |    24 |    14 ||    38
       Short sword       |       |    59 ||    59
 Abil: Evoke Berserk Rag |     1 |     2 ||     3
  Use: Scroll            |     1 |     1 ||     2
 Stab: Sleeping          |    14 |    10 ||    24
  Eat: Chunk             |     2 |     5 ||     7
Armor: Robe              |    11 |       ||    11
       Leather armour    |     7 |    26 ||    33
Dodge: Dodged            |    41 |    53 ||    94
